 Dungeon Crawl Stone Soup version 0.25.1-8-g42b30a86e7 (webtiles) character file.

Game seed: 12243441634321550156

92 Destapler the Bolt Thrower (level 4, 0/42 HPs)
             Began as a Kobold Hunter on Dec 11, 2020.
             Succumbed to an adder's poison
             ... on level 2 of the Dungeon.
             The game lasted 00:03:05 (846 turns).

Destapler the Bolt Thrower (Kobold Hunter)           Turns: 846, Time: 00:03:06

Health: 0/42       AC: 22    Str:  9    XL:     4   Next: 90%
Magic:  4/4        EV:  3    Int: 12    God:
Gold:   55         SH:  0    Dex: 16    Spells: 3/3 levels left

rFire    + . .     SeeInvis .   b - +0 short sword
rCold    + . .     Gourm    .   (shield restricted)
rNeg     + + +     Faith    .   (armour currently unavailable)
rPois    +         Spirit   .   (helmet currently unavailable)
rElec    +         Reflect  .   (cloak currently unavailable)
rCorr    +         Harm     .   (gloves currently unavailable)
MR       .....     NoTele   +   (boots currently unavailable)
Stlth    ++........             (no amulet)
HPRegen  0.14/turn              (no ring)
MPRegen  0.09/turn              (no ring)

@: lethally poisoned (0 -> -3), tree-form, resistant, stab
A: small, carnivore
a: no special abilities


You were on level 2 of the Dungeon.
You were completely stuffed.
You were a tree.
You visited 1 branch of the dungeon, and saw 2 of its levels.

You collected 55 gold pieces.

Inventory:

Hand Weapons
 a - a +1 hand crossbow
 b - a +0 short sword (weapon)
Missiles
 d - 5 bolts
 e - 12 poisoned darts (quivered)
Armour
 c - a +0 leather armour (melded)
Scrolls
 h - a scroll of identify {unknown}
 i - a scroll of remove curse {unknown}
 j - 2 scrolls of teleportation {unknown}
 n - a scroll of enchant armour {unknown}
 o - a scroll of magic mapping {unknown}
Comestibles
 f - 4 rations
 k - 10 chunks of flesh


   Skills:
 + Level 3.1 Fighting
 + Level 5.4 Crossbows
 + Level 3.5 Dodging
 + Level 3.2 Stealth


You had 3 spell levels left.
You didn't know any spells.
Your spell library was empty.

Dungeon Overview and Level Annotations

Branches:
Dungeon (2/15)

Altars:


Innate Abilities, Weirdness & Mutations

You are small and have problems with some larger weapons.
You are carnivorous and can eat meat at any time.
((You are partially covered in thin metallic scales. (AC +2)))
((You are partially covered in yellow scales. (AC +2)))
((Your skin changes colour to match your surroundings (Stealth+).))


Message History

The leopard gecko bites you but does no damage.
You closely miss the leopard gecko.
* * * LOW HITPOINT WARNING * * *
You feel sick.
The leopard gecko bites you but does no damage.
You barely miss the leopard gecko.
The leopard gecko bites you but does no damage. x2
It was a potion of stabbing.
You feel ready to backstab.
* * * LOW HITPOINT WARNING * * *
You feel sick.
The leopard gecko bites you but does no damage.
It was a potion of mutation.
You feel extremely strange.
Yellow scales grow over part of your body.
Your skin functions as natural camouflage.
Thin metallic scales grow over part of your body.
The leopard gecko bites you but does no damage.
It was a potion of resistance.
You feel protected.
You die...

#. ####.#.#.##.#.
#.###........÷.....
#... ....###.)##.#.
#... K ###...###.#.
#.?. ###.....# #...
#..###.......#####.
#....###......#)...
#.....###......###
#♣###...###..#.#
#l(.###......#.#
#....(###...##.#
#......(###..#.#
#...!(###....#.###
#...###......#....
#.###.......######
#)?......##.#
#####. #.#


You could see a leopard gecko.

Vanquished Creatures
  Terence (D:2)
  2 adders (D:2)
  An ooze (D:1)
  4 leopard geckos
  5 bats
  3 giant cockroaches
  4 hobgoblins
  4 kobolds
  2 quokkas (D:2)
  4 frilled lizards
  9 goblins
  2 rats
41 creatures vanquished.

Notes
Turn   | Place    | Note
-------+----------+-------------------------------------------
     0 | D:1      | Destapler the Kobold Hunter began the quest for the Orb.
     0 | D:1      | Reached XP level 1. HP: 12/12 MP: 1/1
    78 | D:1      | Reached skill level 5 in Crossbows
    78 | D:1      | Reached XP level 2. HP: 18/18 MP: 2/2
   260 | D:1      | Reached XP level 3. HP: 22/22 MP: 3/3
   708 | D:2      | Reached XP level 4. HP: 27/27 MP: 4/4
   739 | D:2      | Noticed Terence
   744 | D:2      | Killed Terence
   840 | D:2      | HP: 1/28 [leopard gecko (2)]
   845 | D:2      | Gained mutation: You are partially covered in yellow
                  | scales. (AC +2) [potion of mutation]
   845 | D:2      | Gained mutation: Your skin changes colour to match your
                  | surroundings (Stealth+). [potion of mutation]
   845 | D:2      | Gained mutation: You are partially covered in thin metallic
                  | scales. (AC +2) [potion of mutation]
   846 | D:2      | Succumbed to an adder's poison

Illustrated notes

Levels and vault maps discovered:
D:1:      co_arrival_square_in_a_square_in_a_square, layout_basic,
          nrook_mini_backslash, minmay_statues_item
D:2:      layout_loops_ring, nicolae_overflow_hidden_temple, minmay_unequal,
          uniq_natasha, uniq_terence

Skill      XL: |  1  2  3  4 |
---------------+-------------+-----
Crossbows      | 5 |  5.4
Stealth        | 2 3 |  3.2
Dodging        | 3 |  3.5
Fighting       | 3 |  3.1

Action                   |  1- 3 |  4- 6 || total
-------------------------+-------+-------++-------
Melee: Short sword       |       |     8 ||     8
 Fire: Hand crossbow     |    56 |    27 ||    83
Throw: Dart              |       |     9 ||     9
  Use: Potion            |       |     4 ||     4
  Eat: Chunk             |     8 |       ||     8
Armor: Leather armour    |     1 |     4 ||     5
       Skin              |       |     6 ||     6
Dodge: Dodged            |    10 |    29 ||    39
